TOP OF THE 1ST |
Gwinnett Braves batting - Pitching for Lehigh Valley IronPigs : RHP Chad Capaldi
|
Pitching: RHP Chad Capaldi
|
|
Batting: RHB Edgar Castillo
|
0-0: Ball 1-0: Called Strike 1-1: Called Strike 1-2: Ball 2-2: Foul Ball, location: 2F 2-2: Foul Ball, location: 2F 2-2: Foul Ball, location: 2F 2-2: Ball 3-2: Strikes out looking
|
Batting: RHB Alex Munoz
|
0-0: Ground out 4-3 (Groundball, 4, EV 79.4 MPH)
|
Batting: SHB Brian Bagley
|
0-0: Ball 1-0: Ball 2-0: Ball 3-0: Called Strike 3-1: Ground out U3 (Groundball, 34, EV 80.6 MPH)
|
Top of the 1st over - 0 runs, 0 hits, 0 errors, 0 left on base; Gwinnett 0 - Lehigh Valley 0 |
BOTTOM OF THE 1ST |
Lehigh Valley IronPigs batting - Pitching for Gwinnett Braves : LHP Brian Gregory
|
Pitching: LHP Brian Gregory
|
|
Batting: LHB Theodore Conboy
|
0-0: Foul Ball, location: 2F 0-1: Ground out 6-3 (Groundball, 6MS, EV 78.1 MPH)
|
Batting: RHB Alberto Ramirez
|
0-0: SINGLE (Line Drive, 4D, EV 94.4 MPH)
|
Batting: LHB Josh George
|
0-0: Ball 1-0: Called Strike 1-1: DOUBLE (Line Drive, 5D, EV 103.8 MPH) Alberto Ramirez to third
|
Batting: RHB Carlos Morejon
|
0-0: Called Strike 0-1: Ball 1-1: Foul Ball, location: 2F 1-2: Foul Ball, location: 2F 1-2: Fly out, F9 (Flyball, 9S, EV 88.8 MPH)
|
Batting: RHB Mark Schultz
|
0-0: Ground out U3 (Groundball, 3, EV 86.2 MPH)
|
Bottom of the 1st over - 0 runs, 2 hits, 0 errors, 2 left on base; Gwinnett 0 - Lehigh Valley 0 |
TOP OF THE 2ND |
Gwinnett Braves batting - Pitching for Lehigh Valley IronPigs : RHP Chad Capaldi
|
Batting: SHB Bob Morales
|
0-0: Ball 1-0: Swinging Strike 1-1: Foul Ball, location: 2F 1-2: Ball 2-2: Ball 3-2: Fly out, F9 (Flyball, 9LSF, EV 89.4 MPH)
|
Batting: LHB Mark Buchholz
|
0-0: Called Strike 0-1: Foul Ball, location: 2F 0-2: Ball 1-2: Ball 2-2: Foul Ball, location: 2F 2-2: Strikes out swinging
|
Batting: RHB Jesse Lester
|
0-0: Foul Ball, location: 2F 0-1: Ball 1-1: SINGLE (Groundball, 5D, EV 101.9 MPH)
|
Batting: RHB Dave Nickerson
|
0-0: Called Strike 0-1: Called Strike 0-2: Foul Ball, location: 2F 0-2: Fly out, F9 (Line Drive, 9, EV 94.4 MPH)
|
Top of the 2nd over - 0 runs, 1 hit, 0 errors, 1 left on base; Gwinnett 0 - Lehigh Valley 0 |
BOTTOM OF THE 2ND |
Lehigh Valley IronPigs batting - Pitching for Gwinnett Braves : LHP Brian Gregory
|
Batting: RHB Moritake Fukumoto
|
0-0: Ball 1-0: SINGLE (Flyball, 89S, EV 87.5 MPH)
|
Batting: LHB Jose Carlos
|
0-0: Fly out, F9 (Flyball, 9D, EV 95.0 MPH)
|
Batting: RHB Kyle Reilly
|
0-0: Ball 1-0: Ball 2-0: Called Strike 2-1: Ball 3-1: Fly out, F4 (Line Drive, 34, EV 71.9 MPH)
|
Batting: SHB Marco de Leon
|
0-0: Ball 1-0: Foul Ball, location: 2F 1-1: Ball 2-1: Fly out, F9 (Flyball, 9, EV 90.6 MPH)
|
Bottom of the 2nd over - 0 runs, 1 hit, 0 errors, 1 left on base; Gwinnett 0 - Lehigh Valley 0 |
TOP OF THE 3RD |
Gwinnett Braves batting - Pitching for Lehigh Valley IronPigs : RHP Chad Capaldi
|
Batting: RHB John Peterson
|
0-0: Ball 1-0: Swinging Strike 1-1: Ball 2-1: Foul Ball, location: 2F 2-2: Foul Ball, location: 2F 2-2: Ball 3-2: DOUBLE (Line Drive, 78M, EV 105.6 MPH)
|
Batting: RHB Riley Nasiir
|
0-0: Called Strike 0-1: Called Strike John Peterson steals 3rd base 0-2: Foul Ball, location: 2F 0-2: Ground out 5-3 (Groundball, 56, EV 103.8 MPH) John Peterson scores
|
Batting: RHB Edgar Castillo
|
0-0: Foul Ball, location: 2F 0-1: Called Strike 0-2: Hit by Pitch
|
Batting: RHB Alex Munoz
|
0-0: SINGLE (Line Drive, 8LS, EV 91.2 MPH) Edgar Castillo to second
|
Batting: SHB Brian Bagley
|
0-0: Ball 1-0: Ball 2-0: SINGLE (Groundball, 3D, EV 108.8 MPH) Edgar Castillo to third Alex Munoz to second Runner from 3rd tries for Home, SAFE, throw by RF to home
|
Batting: SHB Bob Morales
|
0-0: Ball 1-0: Called Strike 1-1: Swinging Strike 1-2: Strikes out swinging
|
Batting: LHB Mark Buchholz
|
0-0: Ball 1-0: Ball 2-0: Foul Ball, location: 2F 2-1: Called Strike 2-2: Foul Ball, location: 2F 2-2: Foul Ball, location: 2F 2-2: Strikes out swinging
|
Top of the 3rd over - 2 runs, 3 hits, 0 errors, 2 left on base; Gwinnett 2 - Lehigh Valley 0 |
BOTTOM OF THE 3RD |
Lehigh Valley IronPigs batting - Pitching for Gwinnett Braves : LHP Brian Gregory
|
Batting: LHB Theodore Conboy
|
0-0: Ball 1-0: Ball 2-0: Ball 3-0: Base on Balls
|
Batting: RHB Alberto Ramirez
|
0-0: Ball 1-0: Foul Ball, location: 2F 1-1: Swinging Strike 1-2: DOUBLE (Flyball, 9LM, EV 85.0 MPH) Theodore Conboy to third
|
Batting: LHB Josh George
|
0-0: Ball 1-0: Ball 2-0: Called Strike 2-1: Called Strike 2-2: Foul Ball, location: 2F 2-2: Ball Wild Pitch! Theodore Conboy scores Alberto Ramirez to third 3-2: SINGLE (Line Drive, 8LS, EV 112.5 MPH) Alberto Ramirez scores
|
Batting: RHB Carlos Morejon
|
0-0: Ball 1-0: Ball 2-0: Ball 3-0: Called Strike 3-1: Foul Ball, location: 2F 3-2: 2-RUN HOME RUN (Flyball, 7LD, EV 98.8 MPH), Distance : 353 ft
|
Batting: RHB Mark Schultz
|
0-0: Ball 1-0: Swinging Strike 1-1: Foul Ball, location: 2F 1-2: Strikes out swinging
|
Batting: RHB Moritake Fukumoto
|
0-0: Ball 1-0: SINGLE (Groundball, 4MD, EV 110.6 MPH)
|
Batting: LHB Jose Carlos
|
0-0: Ball 1-0: Ball 2-0: Called Strike 2-1: Ball 3-1: SINGLE (Groundball, 34, EV 94.4 MPH) Moritake Fukumoto to second Runner from 2nd tries for 3rd, OUT! 9-5
|
Batting: RHB Kyle Reilly
|
0-0: Ball 1-0: Called Strike 1-1: Ground out 4-3 (Groundball, 34D, EV 108.1 MPH)
|
Bottom of the 3rd over - 4 runs, 5 hits, 0 errors, 1 left on base; Gwinnett 2 - Lehigh Valley 4 |
TOP OF THE 4TH |
Gwinnett Braves batting - Pitching for Lehigh Valley IronPigs : RHP Chad Capaldi
|
Batting: RHB Jesse Lester
|
0-0: Foul Ball, location: 2F 0-1: Ball 1-1: Ball 2-1: Ground out 3-1 (Groundball, 34S, EV 88.1 MPH)
|
Batting: RHB Dave Nickerson
|
0-0: Foul Ball, location: 2F 0-1: Ball 1-1: Fly out, F8 (Line Drive, 8LM, EV 87.5 MPH)
|
Batting: RHB John Peterson
|
0-0: Called Strike 0-1: Ball 1-1: Ball 2-1: Ball 3-1: Called Strike 3-2: Base on Balls
|
Batting: RHB Riley Nasiir
|
0-0: Foul Ball, location: 2F 0-1: Ball 1-1: Swinging Strike 1-2: Ball 2-2: Ball 3-2: Foul Ball, location: 2F 3-2: DOUBLE (Line Drive, 89D, EV 111.9 MPH) John Peterson to third John Peterson scores
|
Batting: RHB Edgar Castillo
|
0-0: Ball 1-0: Ground out 5-3 (Groundball, 5, EV 90.6 MPH)
|
Top of the 4th over - 1 run, 1 hit, 0 errors, 1 left on base; Gwinnett 3 - Lehigh Valley 4 |
BOTTOM OF THE 4TH |
Lehigh Valley IronPigs batting - Pitching for Gwinnett Braves : LHP Brian Gregory
|
Batting: SHB Marco de Leon
|
0-0: Called Strike 0-1: Foul Ball, location: 2F 0-2: Ball 1-2: Strikes out swinging
|
Batting: LHB Theodore Conboy
|
0-0: Swinging Strike 0-1: Ball 1-1: Called Strike 1-2: Strikes out looking
|
Batting: RHB Alberto Ramirez
|
0-0: Ball 1-0: Swinging Strike 1-1: Foul Ball, location: 2F 1-2: Fly out, F8 (Flyball, 8RXD, EV 98.1 MPH)
|
Bottom of the 4th over - 0 runs, 0 hits, 0 errors, 0 left on base; Gwinnett 3 - Lehigh Valley 4 |
TOP OF THE 5TH |
Gwinnett Braves batting - Pitching for Lehigh Valley IronPigs : RHP Chad Capaldi
|
Batting: RHB Alex Munoz
|
0-0: SINGLE (Groundball, 4D, EV 99.4 MPH)
|
Pitching: RHP Yuichi Nozawa
|
|
Batting: SHB Brian Bagley
|
0-0: Called Strike 0-1: Ball 1-1: Ball 2-1: Foul Ball, location: 2F 2-2: Ball 3-2: Foul Ball, location: 2F 3-2: SINGLE (Flyball, 6D, EV 85.6 MPH) Alex Munoz to second Alex Munoz to third
|
Batting: SHB Bob Morales
|
0-0: Ball 1-0: Ball 2-0: Fielders Choice at 2nd, 3-6 (Groundball, 3, EV 94.4 MPH) Alex Munoz scores
|
Batting: LHB Mark Buchholz
|
0-0: Swinging Strike 0-1: Foul Ball, location: 2F 0-2: SINGLE (Groundball, 4MD, EV 98.1 MPH) Bob Morales to second
|
Batting: RHB Jesse Lester
|
0-0: Called Strike 0-1: Foul Ball, location: 2F 0-2: Strikes out swinging
|
Pinch Hitting: LHB Chris Locklear
|
0-0: Called Strike 0-1: Fly out, F3 (Line Drive, 3, EV 63.8 MPH)
|
Top of the 5th over - 1 run, 3 hits, 0 errors, 2 left on base; Gwinnett 4 - Lehigh Valley 4 |
BOTTOM OF THE 5TH |
Lehigh Valley IronPigs batting - Pitching for Gwinnett Braves : LHP Brian Gregory
|
Now in RF: Fred Arends
|
|
Batting: LHB Josh George
|
0-0: Called Strike 0-1: Foul Ball, location: 2F 0-2: Strikes out looking
|
Batting: RHB Carlos Morejon
|
0-0: Swinging Strike 0-1: Foul Ball, location: 2F 0-2: Ball 1-2: Foul Ball, location: 2F 1-2: Ground out 5-3 (Groundball, 56, EV 86.2 MPH)
|
Batting: RHB Mark Schultz
|
0-0: Foul Ball, location: 2F 0-1: Foul Ball, location: 2F 0-2: Ball 1-2: DOUBLE (Groundball, 5L, EV 95.6 MPH)
|
Batting: RHB Moritake Fukumoto
|
0-0: Called Strike 0-1: Foul Ball, location: 2F 0-2: Ball 1-2: Foul Ball, location: 2F 1-2: Strikes out swinging
|
Bottom of the 5th over - 0 runs, 1 hit, 0 errors, 1 left on base; Gwinnett 4 - Lehigh Valley 4 |
TOP OF THE 6TH |
Gwinnett Braves batting - Pitching for Lehigh Valley IronPigs : RHP Yuichi Nozawa
|
Batting: RHB John Peterson
|
0-0: Ball 1-0: Ground out 6-3 (Groundball, 6, EV 101.9 MPH)
|
Batting: RHB Riley Nasiir
|
0-0: Called Strike 0-1: Ball 1-1: Called Strike 1-2: Ground out U3 (Groundball, 3, EV 82.5 MPH)
|
Batting: RHB Edgar Castillo
|
0-0: Ground out 6-3 (Groundball, 56, EV 91.2 MPH)
|
Top of the 6th over - 0 runs, 0 hits, 0 errors, 0 left on base; Gwinnett 4 - Lehigh Valley 4 |
BOTTOM OF THE 6TH |
Lehigh Valley IronPigs batting - Pitching for Gwinnett Braves : LHP Brian Gregory
|
Batting: LHB Jose Carlos
|
0-0: Ball 1-0: Called Strike 1-1: Foul Ball, location: 2F 1-2: Ball 2-2: Ball 3-2: Base on Balls
|
Batting: RHB Kyle Reilly
|
0-0: Swinging Strike 0-1: Ball 1-1: Ball 2-1: Swinging Strike 2-2: Strikes out swinging
|
Batting: SHB Marco de Leon
|
0-0: Ball 1-0: Ball 2-0: Swinging Strike 2-1: Called Strike 2-2: Foul Ball, location: 2F 2-2: Ball 3-2: Base on Balls Jose Carlos to second
|
Pitching: RHP Jonathan Ballejos
|
|
Batting: LHB Theodore Conboy
|
0-0: Fly out, F9 (Flyball, 89S, EV 84.4 MPH)
|
Batting: RHB Alberto Ramirez
|
0-0: Ball 1-0: Ball 2-0: Called Strike 2-1: Swinging Strike 2-2: Strikes out looking
|
Bottom of the 6th over - 0 runs, 0 hits, 0 errors, 2 left on base; Gwinnett 4 - Lehigh Valley 4 |
TOP OF THE 7TH |
Gwinnett Braves batting - Pitching for Lehigh Valley IronPigs : RHP Yuichi Nozawa
|
Pitching: RHP Alex Florez
|
|
Batting: RHB Alex Munoz
|
0-0: Swinging Strike 0-1: Foul Ball, location: 2F 0-2: Strikes out swinging
|
Batting: SHB Brian Bagley
|
0-0: Called Strike 0-1: Called Strike 0-2: Ball 1-2: Foul Ball, location: 2F 1-2: Strikes out swinging
|
Batting: SHB Bob Morales
|
0-0: Foul Ball, location: 2F 0-1: Ball 1-1: Swinging Strike 1-2: Ball 2-2: Strikes out swinging
|
Top of the 7th over - 0 runs, 0 hits, 0 errors, 0 left on base; Gwinnett 4 - Lehigh Valley 4 |
BOTTOM OF THE 7TH |
Lehigh Valley IronPigs batting - Pitching for Gwinnett Braves : RHP Jonathan Ballejos
|
Batting: LHB Josh George
|
0-0: Ball 1-0: Called Strike 1-1: Fly out, F9 (Flyball, 89D, EV 89.4 MPH)
|
Batting: RHB Carlos Morejon
|
0-0: Called Strike 0-1: Ball 1-1: Ball 2-1: Ball 3-1: Base on Balls
|
Batting: RHB Mark Schultz
|
0-0: Ball 1-0: Ball 2-0: Fly out, F7 (Line Drive, 78M, EV 85.0 MPH)
|
Batting: RHB Moritake Fukumoto
|
0-0: Ball 1-0: Ball 2-0: Ball 3-0: Called Strike 3-1: Called Strike 3-2: Foul Ball, location: 2F 3-2: Foul Ball, location: 2F 3-2: Base on Balls Carlos Morejon to second
|
Batting: LHB Jose Carlos
|
0-0: Called Strike 0-1: Ball 1-1: Foul Ball, location: 2F 1-2: Ball 2-2: Strikes out swinging
|
Bottom of the 7th over - 0 runs, 0 hits, 0 errors, 2 left on base; Gwinnett 4 - Lehigh Valley 4 |
TOP OF THE 8TH |
Gwinnett Braves batting - Pitching for Lehigh Valley IronPigs : RHP Alex Florez
|
Batting: LHB Mark Buchholz
|
0-0: Called Strike 0-1: Called Strike 0-2: Foul Ball, location: 2F 0-2: Ball 1-2: Ball 2-2: Foul Ball, location: 2F 2-2: Ball 3-2: Strikes out swinging
|
Batting: RHB Jesse Lester
|
0-0: SINGLE (Line Drive, 78S, EV 93.1 MPH)
|
Batting: LHB Fred Arends
|
0-0: Foul Ball, location: 2F 0-1: Called Strike Jesse Lester is caught stealing 2nd base 2-6 0-2: Strikes out looking
|
Top of the 8th over - 0 runs, 1 hit, 0 errors, 0 left on base; Gwinnett 4 - Lehigh Valley 4 |
BOTTOM OF THE 8TH |
Lehigh Valley IronPigs batting - Pitching for Gwinnett Braves : RHP Jonathan Ballejos
|
Pitching: RHP Larry Stegall
|
|
Batting: RHB Kyle Reilly
|
0-0: Called Strike 0-1: Ball 1-1: Swinging Strike 1-2: Foul Ball, location: 2F 1-2: Strikes out swinging
|
Batting: SHB Marco de Leon
|
0-0: Ball 1-0: Foul Ball, location: 2F 1-1: Ball 2-1: Foul Ball, location: 2F 2-2: Ball 3-2: Base on Balls
|
Batting: LHB Theodore Conboy
|
0-0: Foul Ball, location: 2F 0-1: Fly out, F7 (Flyball, 78D, EV 95.0 MPH)
|
Batting: RHB Alberto Ramirez
|
0-0: Foul Ball, location: 2F 0-1: Ball 1-1: Foul Ball, location: 2F 1-2: Foul Ball, location: 2F 1-2: Strikes out swinging
|
Bottom of the 8th over - 0 runs, 0 hits, 0 errors, 1 left on base; Gwinnett 4 - Lehigh Valley 4 |
TOP OF THE 9TH |
Gwinnett Braves batting - Pitching for Lehigh Valley IronPigs : RHP Alex Florez
|
Pitching: RHP Andy Burchfield
|
|
Batting: RHB John Peterson
|
0-0: Called Strike 0-1: Swinging Strike 0-2: Ball 1-2: Ball 2-2: Strikes out swinging
|
Batting: RHB Riley Nasiir
|
0-0: Swinging Strike 0-1: Swinging Strike 0-2: Strikes out swinging
|
Batting: RHB Edgar Castillo
|
0-0: Ground out 4-3 (Groundball, 34, EV 90.0 MPH)
|
Top of the 9th over - 0 runs, 0 hits, 0 errors, 0 left on base; Gwinnett 4 - Lehigh Valley 4 |
BOTTOM OF THE 9TH |
Lehigh Valley IronPigs batting - Pitching for Gwinnett Braves : RHP Larry Stegall
|
Batting: LHB Josh George
|
0-0: Ball 1-0: Foul Ball, location: 2F 1-1: Foul Ball, location: 2F 1-2: Ground out 1-3 (Groundball, 13S, EV 66.9 MPH)
|
Batting: RHB Carlos Morejon
|
0-0: Called Strike 0-1: Fly out, F8 (Flyball, 8LD, EV 99.4 MPH)
|
Batting: RHB Mark Schultz
|
0-0: Called Strike 0-1: Ball 1-1: Ground out 6-3 (Groundball, 6MD, EV 86.9 MPH)
|
Bottom of the 9th over - 0 runs, 0 hits, 0 errors, 0 left on base; Gwinnett 4 - Lehigh Valley 4 |
TOP OF THE 10TH |
Gwinnett Braves batting - Pitching for Lehigh Valley IronPigs : RHP Andy Burchfield
|
Batting: RHB Alex Munoz
|
0-0: Called Strike 0-1: Foul Ball, location: 2F 0-2: Fly out, F8 (Flyball, 89M, EV 83.8 MPH)
|
Batting: SHB Brian Bagley
|
0-0: Ball 1-0: Ball 2-0: Called Strike 2-1: Foul Ball, location: 2F 2-2: Ground out 4-3 (Groundball, 4, EV 82.5 MPH)
|
Batting: SHB Bob Morales
|
0-0: Swinging Strike 0-1: Called Strike 0-2: Strikes out swinging
|
Top of the 10th over - 0 runs, 0 hits, 0 errors, 0 left on base; Gwinnett 4 - Lehigh Valley 4 |
BOTTOM OF THE 10TH |
Lehigh Valley IronPigs batting - Pitching for Gwinnett Braves : RHP Larry Stegall
|
Pitching: RHP Chong-hun Park
|
|
Batting: RHB Moritake Fukumoto
|
0-0: Fly out, F9 (Flyball, 9S, EV 88.8 MPH)
|
Batting: LHB Jose Carlos
|
0-0: Swinging Strike 0-1: Ball 1-1: Ball 2-1: Called Strike 2-2: Ball 3-2: SINGLE (Groundball, 34D, EV 101.9 MPH)
|
Batting: RHB Kyle Reilly
|
0-0: Swinging Strike 0-1: Swinging Strike 0-2: Strikes out swinging
|
Batting: SHB Marco de Leon
|
0-0: Ball 1-0: SINGLE (Groundball, 34D, EV 98.1 MPH) Jose Carlos to second Runner from 2nd tries for 3rd, SAFE, throw by RF made to third
|
Batting: LHB Theodore Conboy
|
0-0: Ball 1-0: Swinging Strike 1-1: Foul Ball, location: 2F 1-2: Foul Ball, location: 2F 1-2: Foul Ball, location: 2F 1-2: Ball 2-2: Ball 3-2: Ground out 4-3 (Groundball, 4S, EV 83.8 MPH)
|
Bottom of the 10th over - 0 runs, 2 hits, 0 errors, 2 left on base; Gwinnett 4 - Lehigh Valley 4 |
TOP OF THE 11TH |
Gwinnett Braves batting - Pitching for Lehigh Valley IronPigs : RHP Andy Burchfield
|
Batting: LHB Mark Buchholz
|
0-0: Ball 1-0: Foul Ball, location: 2F 1-1: Ball 2-1: Foul Ball, location: 2F 2-2: DOUBLE (Line Drive, 89M, EV 111.9 MPH)
|
Batting: RHB Jesse Lester
|
0-0: Bunted foul 0-1: Ball 1-1: Sac Bunt to 13S - play at first, batter OUT! 1-4 Mark Buchholz to third
|
Batting: LHB Fred Arends
|
0-0: Called Strike 0-1: Called Strike 0-2: Ball 1-2: Strikes out looking
|
Batting: RHB John Peterson
|
0-0: Intentional Walk
|
Batting: RHB Riley Nasiir
|
0-0: Ground out 5-3 (Groundball, 56S, EV 72.5 MPH)
|
Top of the 11th over - 0 runs, 1 hit, 0 errors, 2 left on base; Gwinnett 4 - Lehigh Valley 4 |
BOTTOM OF THE 11TH |
Lehigh Valley IronPigs batting - Pitching for Gwinnett Braves : RHP Chong-hun Park
|
Batting: RHB Alberto Ramirez
|
0-0: Ball 1-0: Ball 2-0: Ball 3-0: Called Strike 3-1: Foul Ball, location: 2F 3-2: Foul Ball, location: 2F 3-2: SINGLE (Groundball, 34D, EV 96.2 MPH)
|
Batting: LHB Josh George
|
0-0: Foul Ball, location: 2F 0-1: Foul Ball, location: 2F 0-2: Ball 1-2: Ball 2-2: Strikes out swinging
|
Batting: RHB Carlos Morejon
|
0-0: Fly out, F9 (Flyball, 9LS, EV 95.6 MPH)
|
Batting: RHB Mark Schultz
|
0-0: Ground out 4-3 (Groundball, 34, EV 101.2 MPH)
|
Bottom of the 11th over - 0 runs, 1 hit, 0 errors, 1 left on base; Gwinnett 4 - Lehigh Valley 4 |
TOP OF THE 12TH |
Gwinnett Braves batting - Pitching for Lehigh Valley IronPigs : RHP Andy Burchfield
|
Batting: RHB Edgar Castillo
|
0-0: Ball 1-0: Ball 2-0: Called Strike 2-1: Called Strike 2-2: Foul Ball, location: 2F 2-2: Strikes out swinging
|
Batting: RHB Alex Munoz
|
0-0: Foul Ball, location: 2F 0-1: SINGLE (Groundball, 56S, EV 70.0 MPH) (infield hit)
|
Batting: SHB Brian Bagley
|
0-0: Called Strike 0-1: Swinging Strike 0-2: Ball Alex Munoz steals 2nd base 1-2: Strikes out swinging
|
Pitching: RHP Lucas McPhillie
|
|
Batting: SHB Bob Morales
|
0-0: Foul Ball, location: 2F 0-1: Called Strike 0-2: Strikes out looking
|
Top of the 12th over - 0 runs, 1 hit, 0 errors, 1 left on base; Gwinnett 4 - Lehigh Valley 4 |
BOTTOM OF THE 12TH |
Lehigh Valley IronPigs batting - Pitching for Gwinnett Braves : RHP Chong-hun Park
|
Batting: RHB Moritake Fukumoto
|
0-0: DOUBLE (Line Drive, 89D, EV 99.4 MPH)
|
Batting: LHB Jose Carlos
|
0-0: Intentional Walk
|
Batting: RHB Kyle Reilly
|
0-0: Called Strike 0-1: Sac Bunt to 15S - play at first, batter OUT! 1-4 Moritake Fukumoto to third Jose Carlos to second
|
Batting: SHB Marco de Leon
|
0-0: Fly out, F7 (Flyball, 7S, EV 89.4 MPH)
|
Batting: LHB Theodore Conboy
|
0-0: Ball 1-0: Foul Ball, location: 2F 1-1: Called Strike 1-2: Ground out 4-3 (Groundball, 4, EV 87.5 MPH)
|
Bottom of the 12th over - 0 runs, 1 hit, 0 errors, 2 left on base; Gwinnett 4 - Lehigh Valley 4 |
TOP OF THE 13TH |
Gwinnett Braves batting - Pitching for Lehigh Valley IronPigs : RHP Lucas McPhillie
|
Batting: LHB Mark Buchholz
|
0-0: Ball 1-0: Foul Ball, location: 2F 1-1: Foul Ball, location: 2F 1-2: Ball 2-2: Fly out, F8 (Flyball, 8LM, EV 88.1 MPH)
|
Batting: RHB Jesse Lester
|
0-0: Swinging Strike 0-1: Swinging Strike 0-2: Strikes out looking
|
Batting: LHB Fred Arends
|
0-0: Swinging Strike 0-1: Ball 1-1: Foul Ball, location: 2F 1-2: Ball 2-2: Fly out, F8 (Flyball, 8LD, EV 86.2 MPH)
|
Top of the 13th over - 0 runs, 0 hits, 0 errors, 0 left on base; Gwinnett 4 - Lehigh Valley 4 |
BOTTOM OF THE 13TH |
Lehigh Valley IronPigs batting - Pitching for Gwinnett Braves : RHP Chong-hun Park
|
Pitching: LHP Justin Sullins
|
|
Batting: RHB Alberto Ramirez
|
0-0: Foul Ball, location: 2F 0-1: Ball 1-1: Fly out, F4 (Popup, 4M, EV 60.0 MPH)
|
Batting: LHB Josh George
|
0-0: Ground out 4-3 (Groundball, 4, EV 106.9 MPH)
|
Batting: RHB Carlos Morejon
|
0-0: Called Strike 0-1: Called Strike 0-2: Foul Ball, location: 2F 0-2: Ball 1-2: Fly out, F9 (Flyball, 9S, EV 76.2 MPH)
|
Bottom of the 13th over - 0 runs, 0 hits, 0 errors, 0 left on base; Gwinnett 4 - Lehigh Valley 4 |
TOP OF THE 14TH |
Gwinnett Braves batting - Pitching for Lehigh Valley IronPigs : RHP Lucas McPhillie
|
Batting: RHB John Peterson
|
0-0: Foul Ball, location: 2F 0-1: Ground out 4-3 (Groundball, 4, EV 88.8 MPH)
|
Batting: RHB Riley Nasiir
|
0-0: Ball 1-0: Ball 2-0: Ball 3-0: Base on Balls
|
Batting: RHB Edgar Castillo
|
0-0: Foul Ball, location: 2F 0-1: Ball 1-1: Fielders Choice at 2nd, 6-4 (Groundball, 6, EV 90.6 MPH)
|
Batting: RHB Alex Munoz
|
0-0: Ball 1-0: SINGLE (Line Drive, 34D, EV 103.8 MPH) Edgar Castillo to second
|
Batting: SHB Brian Bagley
|
0-0: Ground out 4-3 (Groundball, 4, EV 76.9 MPH)
|
Top of the 14th over - 0 runs, 1 hit, 0 errors, 2 left on base; Gwinnett 4 - Lehigh Valley 4 |
BOTTOM OF THE 14TH |
Lehigh Valley IronPigs batting - Pitching for Gwinnett Braves : LHP Justin Sullins
|
Batting: RHB Mark Schultz
|
0-0: Foul Ball, location: 2F 0-1: Called Strike 0-2: SINGLE (Groundball, 4MD, EV 111.2 MPH)
|
Batting: RHB Moritake Fukumoto
|
0-0: DOUBLE (Line Drive, 9LM, EV 111.2 MPH) Mark Schultz to third
|
Pinch Hitting: RHB Victor Arroyo
|
0-0: Intentional Walk
|
Batting: RHB Kyle Reilly
|
0-0: Called Strike 0-1: Called Strike 0-2: Strikes out swinging
|
Batting: SHB Marco de Leon
|
0-0: Swinging Strike 0-1: Ball 1-1: Ball 2-1: Ball 3-1: Base on Balls Mark Schultz scores Moritake Fukumoto to third Victor Arroyo to second
|
Bottom of the 14th over - 1 run, 2 hits, 0 errors, 3 left on base; Gwinnett 4 - Lehigh Valley 5 |
|